 Dungeon Crawl Stone Soup version 0.29.1-2-gbd0b4ee654 (webtiles) character file.

Game seed: 1175165053055832332

368 xian the Shooter (level 6, -6/32 HPs)
             Began as a Spriggan Hunter on Nov 16, 2022.
             Was an Initiate of Ashenzari.
             Mangled by a mummy (14 damage)
             ... in an ossuary.
             The game lasted 00:06:34 (3014 turns).

xian the Shooter (Spriggan Hunter)                  Turns: 3014, Time: 00:06:35

Health: -6/32      AC:  2    Str:  9    XL:     6   Next: 41%
Magic:  7/7        EV: 33    Int: 11    God:    Ashenzari [......]
Gold:   180        SH:  0    Dex: 18    Spells: 5/5 levels left

rFire   . . .      SeeInvis +   a - +1 shortbow
rCold   . . .      Faith    .   (shield currently unavailable)
rNeg    . . .      Spirit   .   c - +0 robe
rPois   .          Reflect  .   (helmet restricted)
rElec   .          Harm     .   (no cloak)
rCorr   .          Rampage  .   (gloves unavailable)
Will    +....                   (boots unavailable)
Stlth   ++........              i - amulet "Eternal Together" {Acrobat, Fort, Range} (curse)
HPRegen 0.10/turn               (no ring)
MPRegen 0.10/turn               (no ring)

@: acrobatic, very quick
A: very small, no large weapons, unfitting armour, see invisible, speed 3
a: Renounce Religion, Curse Item, Shatter the Chains


You were in an ossuary.
You worshipped Ashenzari.
Ashenzari was noncommittal.
You visited 1 branch of the dungeon, and saw 4 of its levels.
You also visited: Ossuary.

You collected 180 gold pieces.

Inventory:

Hand Weapons
 a - a +1 shortbow (weapon)
 m - a +2 spear of flaming
Armour
 c - a +0 robe (worn)
Jewellery
 i - the cursed amulet "Eternal Together" (around neck) {Acrobat, Fort, Range}
   (You found it on level 1 of the Dungeon)

   [amulet of the acrobat]

   It increases your evasion while moving and waiting.
   It has a curse which improves the following skills: Fortitude: Armour and
   Shields.
   Ranged Combat: Ranged Weapons and Throwing.
Scrolls
 b - 2 scrolls of immolation
 d - a scroll of brand weapon {unknown}
 g - a scroll of noise {unknown}
 h - a scroll of enchant weapon
 o - 2 scrolls of teleportation
 r - a scroll of vulnerability
 u - a scroll of blinking
Potions
 e - a potion of ambrosia {unknown}
 f - 2 potions of flight {unknown}
 k - 3 potions of might {unknown}
 n - 3 potions of heal wounds {unknown}
 p - a potion of lignification {unknown}
 q - a potion of degeneration {unknown}
 s - a potion of berserk rage {unknown}
 t - a potion of brilliance {unknown}


   Skills:
 + Level 2.8 Fighting
 + Level 7.0(7.5) Ranged Weapons
 + Level 3.4 Dodging
 + Level 1.5 Stealth


You had 5 spell levels left.
You didn't know any spells.
Your spell library contained the following spells:

 Spells                   Type           Power      Damage    Failure   Level
 Sandblast                Erth           0%         2d4       34%         1
 Ensorcelled Hibernation  Hex/Ice        0%         N/A       47%         2
 Passwall                 Tmut/Erth      0%         N/A       47%         2
 Spider Form              Tmut/Pois      0%         N/A       71%         3
 Stone Arrow              Conj/Erth      0%         3d7       71%         3
 Anguish                  Hex/Necr       0%         N/A       98%         4


Dungeon Overview and Level Annotations

Branches:
Dungeon (4/15)            Ossuary (1/1)
 Temple: D:4-7

Altars:
Ashenzari


Innate Abilities, Weirdness & Mutations

You are very small and have problems with some larger weapons.
You are too small for most types of armour.
You have supernaturally acute eyesight. (SInv)
You cover ground extremely quickly. (Speed+++)


Message History

Press: ? - help, Q - select action, (/) - cycle Shift-Dir - straight line, f/p - mummy
Aim: a mummy (severely damaged, 79% to hit)
You shoot an arrow. The arrow hits the mummy.
The mummy is severely damaged.
Unknown command.
You are too injured to fight recklessly!
You are too injured to fight recklessly!
Unknown command.
Fire: a) +1 shortbow
Press: ? - help, Q - select action, (/) - cycle Shift-Dir - straight line, f/p - mummy
Aim: a mummy (severely damaged, 79% to hit)
You shoot an arrow. The arrow barely misses the mummy.
The mummy hits you!
* * * LOW HITPOINT WARNING * * *
Fire: a) +1 shortbow
Press: ? - help, Q - select action, (/) - cycle Shift-Dir - straight line, f/p - mummy
Aim: a mummy (severely damaged, 79% to hit)
You shoot an arrow.
The arrow hits the mummy but does no damage.
The mummy is severely damaged.
The mummy misses you.
Fire: a) +1 shortbow
Press: ? - help, Q - select action, (/) - cycle Shift-Dir - straight line, f/p - mummy
Aim: a mummy (severely damaged, 79% to hit)
You shoot an arrow. The arrow hits the mummy.
The mummy is almost destroyed.
Unknown command.
Fire: a) +1 shortbow
Press: ? - help, Q - select action, (/) - cycle Shift-Dir - straight line, f/p - mummy
Aim: a mummy (almost destroyed, 79% to hit)
You shoot an arrow. The arrow hits the mummy!
You destroy the mummy!
Unknown command.
Fire: a) +1 shortbow
Press: ? - help, Q - select action, (/) - cycle Shift-Dir - straight line, f - mummy
Aim: a mummy (79% to hit)
You shoot an arrow. The arrow barely misses the mummy.
Unknown command.
The mummy hits you!
You die... +M

#. +. #.
+.
###.#####
#.'.#.@∩#
#.'.M.#
#.'.#...#
###.#####
+. #' #.
##


You could see a mummy.

Vanquished Creatures
  Sigmund (D:3)
  An orc priest (D:4)
  3 mummies (Ossuary)
  Robin (D:3)
  3 adders
  2 worms (D:2)
  3 dart slugs
  11 orcs
  9 endoplasms
  A giant cockroach (D:1)
  12 goblins
  7 hobgoblins
  6 jackals (D:1)
  4 kobolds
  2 quokkas (D:3)
  4 ball pythons
  A frilled lizard (D:2)
  4 rats (D:1)
75 creatures vanquished.

Vanquished Creatures (others)
  2 withered plants (Ossuary)
2 creatures vanquished.

Grand Total: 77 creatures vanquished

Notes
Turn   | Place    | Note
-------+----------+-------------------------------------------
     0 | D:1      | xian the Spriggan Hunter began the quest for the Orb.
     0 | D:1      | Reached XP level 1. HP: 10/10 MP: 2/2
     2 | D:1      | Noticed a vampire
     2 | D:1      | Noticed an octopode
     4 | D:1      | Noticed a gargoyle
     4 | D:1      | Noticed a ghoul
     6 | D:1      | Noticed a minotaur
     8 | D:1      | Noticed a demonspawn
     8 | D:1      | Noticed a troll
    10 | D:1      | Noticed a demigod
    12 | D:1      | Noticed a palentonga
    12 | D:1      | Noticed a formicid
    14 | D:1      | Noticed a meteoran
    14 | D:1      | Noticed a felid
    16 | D:1      | Noticed an elf
    16 | D:1      | Noticed a vine stalker
    18 | D:1      | Noticed a draconian
    18 | D:1      | Noticed a naga
    20 | D:1      | Noticed a human
    22 | D:1      | Noticed a spriggan
    22 | D:1      | Noticed a merfolk
    24 | D:1      | Noticed a felid
    24 | D:1      | Noticed an ogre
    26 | D:1      | Noticed a spriggan
    26 | D:1      | Noticed a human
   152 | D:1      | Found a faded altar of an unknown god.
   222 | D:1      | Prayed at the altar of an unknown god.
   222 | D:1      | Became a worshipper of Ashenzari the Shackled
   313 | D:1      | Reached XP level 2. HP: 14/14 MP: 3/3
   912 | D:1      | Reached XP level 3. HP: 18/18 MP: 4/4
  1205 | D:2      | Reached skill level 5 in Ranged Weapons
  1563 | D:3      | Reached XP level 4. HP: 23/23 MP: 5/5
  1603 | D:3      | Noticed Robin
  1680 | D:3      | Killed Robin
  2344 | D:3      | Noticed Sigmund
  2381 | D:3      | Killed Sigmund
  2382 | D:3      | Reached skill level 6 in Ranged Weapons
  2382 | D:3      | Reached XP level 5. HP: 10/27 MP: 6/6
  2382 | D:3      | Reached XP level 6. HP: 12/32 MP: 7/7
  2979 | D:4      | Found a sand-covered staircase.
  2988 | Ossuary  | Entered an ossuary
  3005 | Ossuary  | Reached skill level 7 in Ranged Weapons
  3014 | Ossuary  | Mangled by a mummy

Illustrated notes

Levels and vault maps discovered:
D:1:      kb_arrival_jail, layout_basic,
          dreamdust_ecumenical_altar_angels_and_demons, grunt_decor_one_mirror
D:2:      layout_rooms
D:3:      layout_loops_ring, chequers_serial_rivers_micro_a, uniq_sigmund,
          uniq_robin
D:4:      layout_basic, nicolae_ru_great_annihilating_truth,
          lightli_ossuary_entry_decrepit_ruins
Ossuary:  ossuary_zaba_flooded

Skill      XL: |  1  2  3  4  5  6 |
---------------+-------------------+-----
Dodging        | 3 |  3.4
Fighting       | 2 |  2.8
Ranged Weapons | 5 6 7 |  7.0
Stealth        | |  1.5

Action                   |  1- 3 |  4- 6 || total
-------------------------+-------+-------++-------
 Fire: Shortbow          |   107 |   130 ||   237
Invok: Curse Item        |     1 |       ||     1
  Use: Scroll            |       |     6 ||     6
Armor: Robe              |     2 |     4 ||     6
Dodge: Dodged            |    30 |    43 ||    73
